 Dungeon Crawl Stone Soup version 0.32-a0-7-ge934b4519a (console) character file.

Game seed: 13474447796677738357

4000 jejorda2 the Cleaver (level 10, -2/82 HPs)
             Began as a Gnoll Berserker on Jan 13, 2024.
             Was an Elder of Trog.
             Slain by a killer bee (6 damage)
             ... on level 7 of the Dungeon.
             The game lasted 00:16:03 (6570 turns).

jejorda2 the Cleaver (Gnoll Berserker)              Turns: 6570, Time: 00:16:03

Health: -2/82      AC: 11    Str: 22    XL:     10   Next: 23%
Magic:  17/17      EV: 10    Int:  6    God:    Trog [****..]
Gold:   392        SH:  0    Dex: 11    Spells: 19/19 levels left

rFire   . . .        a - +0 war axe
rCold   . . .        w - orb {light}
rNeg    + . .        l - +0 chain mail
rPois   .            (no helmet)
rElec   .            (no cloak)
rCorr   .            h - +0 pair of gloves
SInv    .            (no boots)
Will    .....        (no amulet) Stlth
                     E - ring of positive energy
HPRegen 0.33/turn    (no ring)
MPRegen 0.15/turn

%: no passive effects
@: lethally poisoned (-2 -> -7), on berserk cooldown, attractive, slowed,
glowing, very slow
A: fangs 1, strong nose, distributed training
a: Renounce Religion, Berserk, Trog's Hand, Brothers in Arms


You were on level 7 of the Dungeon.
You worshipped Trog.
Trog was greatly pleased with you.
You visited 1 branch of the dungeon, and saw 7 of its levels.

You collected 392 gold pieces.

Inventory:

Hand Weapons
 a - a +0 war axe (weapon)
 H - a +0 morningstar
Missiles
 r - 2 throwing nets
 t - 11 boomerangs
 z - 8 poisoned darts (quivered)
 A - a curare-tipped dart
Armour
 h - a +0 pair of gloves (worn)
 l - a +0 chain mail (worn)
 w - an orb of light (worn)
Jewellery
 x - a ring of fire
 E - a ring of positive energy (left hand)
Scrolls
 b - a scroll of revelation {unknown}
 d - 4 scrolls of amnesia {unknown}
 e - 3 scrolls of fear
 g - a scroll of brand weapon {unknown}
 i - 5 scrolls of identify {unknown}
 k - 3 scrolls of butterflies {unknown}
 n - a scroll of vulnerability {unknown}
 o - a scroll of noise {unknown}
 p - a scroll of enchant weapon {unknown}
 q - a scroll of enchant armour {unknown}
 s - 4 scrolls of teleportation {unknown}
 u - 2 scrolls of immolation {unknown}
 y - a scroll of acquirement {unknown}
 C - a scroll of fog {unknown}
 F - 3 scrolls of blinking {unknown}
Potions
 c - 3 potions of mutation {unknown}
 f - 2 potions of attraction
 j - 2 potions of brilliance {unknown}
 m - a potion of curing {unknown}
 v - 5 potions of might {unknown}
 B - a potion of degeneration {unknown}
 D - 2 potions of haste {unknown}
 G - a potion of enlightenment {unknown}
 I - 2 potions of magic {unknown}


   Skills:
 + Level 8.5 Fighting
 + Level 5.2 Short Blades
 + Level 5.2 Long Blades
 + Level 8.5 Axes
 + Level 5.2 Maces & Flails
 + Level 5.2 Polearms
 + Level 5.2 Staves
 + Level 5.2 Ranged Weapons
 + Level 5.2 Throwing
 + Level 7.1 Armour
 + Level 7.1 Dodging
 + Level 5.2 Stealth
 + Level 5.2 Shields
 + Level 5.2 Unarmed Combat
 + Level 5.2 Spellcasting
 + Level 4.3 Conjurations
 + Level 4.3 Hexes
 + Level 4.3 Summonings
 + Level 4.3 Necromancy
 + Level 4.3 Translocations
 + Level 4.3 Fire Magic
 + Level 4.3 Ice Magic
 + Level 4.3 Air Magic
 + Level 4.3 Earth Magic
 + Level 4.3 Alchemy
 + Level 5.8 Invocations
 + Level 5.2 Evocations
 + Level 4.8 Shapeshifting


You had 19 spell levels left.
You didn't know any spells.
Your spell library was empty.

Dungeon Overview and Level Annotations

Branches:
Dungeon (7/15)             Temple (0/1) D:4

Altars:

Shops:
D:5 ?   D:6 *

Annotations:
D:7 1 runed translucent door, Newt's ghost, novice DsGl


Innate Abilities, Weirdness & Mutations

You have very sharp teeth.
Your uncanny sense of smell can sniff out nearby items.
Your experience applies equally to all skills.


Message History

You feel yourself slow down.
Throw: 9 darts (poison)
Press: ? - help, Q - select action, (/) - cycle Shift-Dir - straight line, f - boulder beetle
Aim: a boulder beetle (heavily wounded, haloed, 97% to hit)
You throw a poisoned dart.
The poisoned dart hits the boulder beetle.
The boulder beetle is heavily wounded.
A killer bee comes into view.
Okay, then.
Unknown command.
As you read the scroll labelled YREEM HILI, it crumbles to dust.
You assume a fearsome visage.
The boulder beetle looks frightened!
The killer bee looks frightened!
The killer bee buzzes angrily.
It was a scroll of fear.
Cornered, the killer bee turns to fight!
The boulder beetle leaps!
The killer bee closely misses you. The killer bee stings you.
* * * LOW HITPOINT WARNING * * *
As you read the scroll of fear, it crumbles to dust.
You assume a fearsome visage.
The killer bee looks frightened!
The boulder beetle seems to regain its courage.
The boulder beetle leaps!
There is an open door here.
The killer bee buzzes angrily.
You hit the killer bee.
Your attack snaps the killer bee out of its fear.
The killer bee is lightly wounded.
The killer bee stings you.
* * * LOW HITPOINT WARNING * * *
You are poisoned.
The killer bee poisons you! The killer bee stings you.
* * * LOW HITPOINT WARNING * * *
The killer bee stings you but does no damage.
It was a potion of attraction.
You feel attractive to monsters.
* * * LOW HITPOINT WARNING * * *
You feel very sick. The killer bee stings you.
You die...

..###...# ###.....y# ..# #.
........# #.....#..## .# ###.
........####..###...# .. ###...
..........##...###..## .###.....
#####...#.###..#.....# ###.......
####'##.# #......#####['.......
#.......####...###.#...##......
#........# #.#y#...##...#.....#
###......#.#####@.....'.###....##
.........#..##.##..#..###......#
.........##....##......#.......##
.......#######.###...###.........
.......#######...#.###...#......[
.................###....##......#
......#####..................#..#
......# #............###....).#
......# #.....................#


You could see a killer bee.

Vanquished Creatures
  Maggie (D:7)
  A troll (D:5)
  Grinder (D:3)
  2 wyverns
  A vampire mosquito (D:7)
  2 water moccasins
  3 ice beasts
  A sky beast (D:7)
  A black bear (D:4)
  4 ogres
  A phantom (D:7)
  A centaur (D:5)
  A kobold brigand (D:6)
  3 bullfrogs
  4 scorpions
  3 wights (D:7)
  6 howler monkeys (D:7)
  A bombardier beetle (D:7)
  2 jellies
  4 hounds
  An orc priest (D:6)
  6 iguanas
  A sleepcap (D:5)
  8 orc wizards
  9 adders
  A shadow imp (D:5)
  4 white imps
  2 ribbon worms
  8 dart slugs
  21 orcs
  5 bats
  7 endoplasms
  A giant cockroach (D:1)
  12 goblins
  5 hobgoblins
  11 kobolds
  6 quokkas
  5 ball pythons
  4 frilled lizards
  8 rats
168 creatures vanquished.

Notes
Turn   | Place    | Note
-------+----------+-------------------------------------------
     0 | D:1      | jejorda2 the Gnoll Berserker began the quest for the Orb.
     0 | D:1      | Reached XP level 1. HP: 23/23 MP: 1/1
    35 | D:1      | Found a faded altar of an unknown god.
    94 | D:1      | Reached XP level 2. HP: 19/29 MP: 2/2
   554 | D:1      | Reached XP level 3. HP: 29/35 MP: 3/3
   825 | D:2      | Reached skill level 1 in Invocations
   841 | D:2      | Reached skill level 1 in Short Blades
   841 | D:2      | Reached skill level 1 in Long Blades
   841 | D:2      | Reached skill level 1 in Maces & Flails
   841 | D:2      | Reached skill level 1 in Polearms
   841 | D:2      | Reached skill level 1 in Staves
   841 | D:2      | Reached skill level 1 in Ranged Weapons
   841 | D:2      | Reached skill level 1 in Throwing
   841 | D:2      | Reached skill level 1 in Stealth
   841 | D:2      | Reached skill level 1 in Shields
   841 | D:2      | Reached skill level 1 in Unarmed Combat
   841 | D:2      | Reached skill level 1 in Spellcasting
   841 | D:2      | Reached skill level 1 in Evocations
   866 | D:2      | Reached ** piety under Trog
   885 | D:2      | Reached skill level 1 in Shapeshifting
   885 | D:2      | Reached XP level 4. HP: 41/41 MP: 5/5
   970 | D:2      | Reached skill level 1 in Conjurations
   970 | D:2      | Reached skill level 1 in Hexes
   970 | D:2      | Reached skill level 1 in Summonings
   970 | D:2      | Reached skill level 1 in Necromancy
   970 | D:2      | Reached skill level 1 in Translocations
   970 | D:2      | Reached skill level 1 in Fire Magic
   970 | D:2      | Reached skill level 1 in Ice Magic
   970 | D:2      | Reached skill level 1 in Air Magic
   970 | D:2      | Reached skill level 1 in Earth Magic
   970 | D:2      | Reached skill level 1 in Alchemy
  1331 | D:2      | You fall into a shaft and drop 1 floor!
  1344 | D:3      | Reached XP level 5. HP: 47/47 MP: 5/7
  1622 | D:3      | Noticed Grinder
  1635 | D:3      | Killed Grinder
  1636 | D:3      | Reached skill level 5 in Armour
  1636 | D:3      | Reached skill level 5 in Dodging
  1636 | D:3      | Reached XP level 6. HP: 53/53 MP: 7/9
  2252 | D:4      | Reached XP level 7. HP: 54/60 MP: 10/10
  2720 | D:4      | Found a staircase to the Ecumenical Temple.
  3051 | D:5      | Entered Level 5 of the Dungeon
  3077 | D:5      | Reached *** piety under Trog
  3177 | D:5      | Reached XP level 8. HP: 25/67 MP: 12/12
  3574 | D:5      | Noticed a troll
  3588 | D:5      | Killed a troll
  3683 | D:5      | Found Jojiy's Magic Scroll Shop.
  4044 | D:5      | Noticed a wyvern
  4054 | D:5      | Killed a wyvern
  4249 | D:6      | Reached XP level 9. HP: 47/73 MP: 14/14
  5227 | D:6      | Found Tiol's General Store.
  5488 | D:7      | Found a runed translucent door.
  5525 | D:7      | Reached **** piety under Trog
  5552 | D:7      | Noticed Newt's ghost (novice DsGl)
  5713 | D:7      | Reached skill level 5 in Invocations
  5882 | D:7      | Reached skill level 5 in Short Blades
  5882 | D:7      | Reached skill level 5 in Long Blades
  5882 | D:7      | Reached skill level 5 in Maces & Flails
  5882 | D:7      | Reached skill level 5 in Polearms
  5882 | D:7      | Reached skill level 5 in Staves
  5882 | D:7      | Reached skill level 5 in Ranged Weapons
  5882 | D:7      | Reached skill level 5 in Throwing
  5882 | D:7      | Reached skill level 5 in Stealth
  5882 | D:7      | Reached skill level 5 in Shields
  5882 | D:7      | Reached skill level 5 in Unarmed Combat
  5882 | D:7      | Reached skill level 5 in Spellcasting
  5882 | D:7      | Reached skill level 5 in Evocations
  5882 | D:7      | Reached XP level 10. HP: 81/81 MP: 17/17
  6371 | D:7      | Noticed Maggie
  6383 | D:7      | Killed Maggie
  6545 | D:7      | Noticed a boulder beetle
  6570 | D:7      | HP: 4/82 [poisoned by a killer bee]
  6570 | D:7      | Slain by a killer bee

Illustrated notes

Levels and vault maps discovered:
D:1:      dpeg_arrival_tiny_d, layout_basic, shapermc_ecumenical_altar_gd,
          hangedman_decor_clover_reticule
D:2:      layout_basic
D:3:      layout_loops_ring, uniq_grinder
D:4:      layout_basic, minmay_temple_entry_arrows, skrybe_limestone_x,
          minmay_unequal
D:5:      layout_loops_cross, serial_shops, shop, minmay_starry_boxes
D:6:      layout_basic, serial_shops, nicolae_shop_pleasant_corner_grove
D:7:      minmay_slanted_spiral_squares, layout_basic, zin_angel,
          ebering_ghost_reflecting_pool, serial_co_window_serial,
          co_window_paths_a, co_window_corner_a, co_window_of_opportunity_a,
          co_window_of_opportunity_a, co_window_of_opportunity_a,
          co_window_paths_c, co_window_cross_3, co_window_of_opportunity_c,
          co_window_paths_c, glass_columns_a, glass_columns_b,
          minmay_alternating_orb, uniq_maggie

Skill      XL: |  1  2  3  4  5  6  7  8  9 10 |
---------------+-------------------------------+-----
Invocations    | 1 2 3 4 5 |  5.8
Short Blades   | 1 2 3 5 |  5.2
Long Blades    | 1 2 3 5 |  5.2
Maces & Flails | 1 2 3 5 |  5.2
Polearms       | 1 2 3 5 |  5.2
Staves         | 1 2 3 5 |  5.2
Ranged Weapons | 1 2 3 5 |  5.2
Throwing       | 1 2 3 5 |  5.2
Stealth        | 1 2 3 5 |  5.2
Shields        | 1 2 3 5 |  5.2
Unarmed Combat | 1 2 3 5 |  5.2
Spellcasting   | 1 2 3 5 |  5.2
Evocations     | 1 2 3 5 |  5.2
Shapeshifting  | 1 2 3 4 |  4.8
Conjurations   | 1 2 3 4 |  4.3
Hexes          | 1 2 3 4 |  4.3
Summonings     | 1 2 3 4 |  4.3
Necromancy     | 1 2 3 4 |  4.3
Translocations | 1 2 3 4 |  4.3
Fire Magic     | 1 2 3 4 |  4.3
Ice Magic      | 1 2 3 4 |  4.3
Air Magic      | 1 2 3 4 |  4.3
Earth Magic    | 1 2 3 4 |  4.3
Alchemy        | 1 2 3 4 |  4.3
Armour         | 5 6 7 |  7.1
Dodging        | 5 6 7 |  7.1
Fighting       | 7 8 |  8.5
Axes           | 7 8 |  8.5

Action                     |  1- 3 |  4- 6 |  7- 9 | 10-12 || total
---------------------------+-------+-------+-------+-------++-------
  Melee: Hand axe          |   100 |   127 |   202 |       ||   429
         Bite              |     9 |     7 |    30 |     9 ||    55
         Punch             |     2 |     5 |     5 |       ||    12
         War axe           |       |       |   111 |    53 ||   164
  Throw: Dart              |       |       |       |     1 ||     1
 Invoke: Trog's Hand       |       |     2 |     1 |     1 ||     4
         Berserk           |       |     1 |    11 |     3 ||    15
    Use: Scroll            |       |       |       |     2 ||     2
         Potion            |       |       |       |     1 ||     1
 Armour: Ring mail         |    18 |       |       |       ||    18
         Animal skin       |     1 |       |       |       ||     1
         Chain mail        |    43 |    80 |   224 |    38 ||   385
  Dodge: Dodged            |    43 |    58 |   147 |    20 ||   268

Table legend: (Time is in decaauts)
 A = Elapsed time spent in this place.
 B = Non-inter-level travel time spent in this place.
 C = Inter-level travel time spent in this place.
 D = Time resting spent in this place.
 E = Time spent auto-exploring this place.
 F = Levels seen in this place.
 G = Mean time per level.
                   A        B        C        D        E       F      G
               +--------+--------+--------+--------+--------+-----+--------+
         Total |   6670 |   6442 |    228 |    576 |   4565 |   7 |  952.9 |
       Dungeon |   6670 |   6442 |    228 |    576 |   4565 |   7 |  952.9 |
               +--------+--------+--------+--------+--------+-----+--------+

Top non-repeatable levels by time:
     D:7: 1214 daAuts
     D:6: 1180 daAuts
     D:5: 1155 daAuts
     D:4: 953 daAuts
     D:1: 810 daAuts
     D:3: 683 daAuts
     D:2: 674 daAuts
